 Dungeon Crawl Stone Soup version 0.24.0 (webtiles) character file.

Game seed: 2733047684390877435, levelgen mode: deterministic

240 b5mith the Skirmisher (level 6, -9/72 HPs)
             Began as an Ogre Artificer on Feb 8, 2020.
             Was an Initiate of Sif Muna.
             Killed themself with a badly aimed fireball (13 damage)
             ... on level 4 of the Dungeon.
             The game lasted 00:10:50 (2872 turns).

b5mith the Skirmisher (Ogre Artificer)              Turns: 2872, Time: 00:10:50

Health: -9/72      AC:  3    Str: 18    XL:     6   Next: 8%
Magic:  0/7        EV: 15    Int: 12    God:    Sif Muna [......]
Gold:   98         SH:  0    Dex: 10    Spells: 5/5 levels left

rFire    . . .     SeeInvis .   n - +1 short sword (holy)
rCold    . . .     Gourm    .   (no shield)
rNeg     + . .     Faith    .   g - +0 robe {MR+}
rPois    .         Spirit   +   (helmet restricted)
rElec    .         Reflect  .   s - scarf {Spirit}
rCorr    .         Harm     .   (gloves unavailable)
MR       +....                  (boots unavailable)
Stlth    +.........             (no amulet)
HPRegen  0.22/turn              h - ring of positive energy
MPRegen  0.10/turn              l - +5 ring of evasion

@: no status effects
A: large, unfitting armour, tough skin 1
a: Renounce Religion


You were on level 4 of the Dungeon.
You worshipped Sif Muna.
Sif Muna was noncommittal.
You were hungry.

You visited 1 branch of the dungeon, and saw 4 of its levels.

You collected 98 gold pieces.

Inventory:

Hand Weapons
 a - a +0 short sword
 n - a +1 short sword of holy wrath (weapon)
   (You took it off a kobold on level 1 of the Dungeon)
Armour
 b - a +0 robe
 g - a +0 robe of magic resistance (worn)
   (You took it off Jessica on level 2 of the Dungeon)
 s - a scarf of spirit shield (worn)
   (You found it on level 3 of the Dungeon)
Jewellery
 h - a ring of positive energy (left hand)
   (You found it on level 1 of the Dungeon)
 j - an uncursed ring of protection from cold
   (You found it on level 1 of the Dungeon)
 l - a +5 ring of evasion (right hand)
   (You found it on level 1 of the Dungeon)
Wands
 c - a wand of flame (15)
 d - a wand of enslavement (15)
 e - a wand of random effects (15)
Scrolls
 k - 4 scrolls of remove curse {unknown}
 m - a scroll of amnesia {unknown}
 o - a scroll of enchant weapon {unknown}
 p - 4 scrolls of teleportation {unknown}
 q - 2 scrolls of blinking {unknown}
 t - a scroll of magic mapping {unknown}
Potions
 i - a potion of lignification {unknown}
Comestibles
 f - 8 rations


   Skills:
 + Level 7.8 Fighting
 - Level 0.8 Short Blades
 - Level 1.7 Dodging
 - Level 0.6 Stealth
 - Level 2.4 Evocations


You had 5 spell levels left.
You didn't know any spells.
Your spell library contained the following spells:

 Spells                   Type           Power        Failure   Level  Hunger
 Magic Dart               Conj           #...         32%         1    ##.....
 Blink                    Tloc           N/A          45%         2    ###....
 Call Imp                 Summ           #.......     45%         2    ###....
 Slow                     Hex            #.......     45%         2    ###....
 Conjure Flame            Conj/Fire      #.......     69%         3    ####...
 Mephitic Cloud           Conj/Pois/Air  #.......     69%         3    ####...


Dungeon Overview and Level Annotations

Branches:
Dungeon (4/15)
 Temple: D:4-7

Altars:
Dithmenos
Kikubaaqudgha
Sif Muna
Yredelemnul


Innate Abilities, Weirdness & Mutations

You are too large for most types of armour.
You have tough skin. (AC +1)


Message History

You hit the hound.
The hound is almost dead.
The hound bites you.
You hit the hound.
You kill the hound!
Sif Muna accepts your kill.
No target in view!
No target in view!
Found a shadowy altar of Dithmenos.
A hound comes into view.
The hound barks!
The hound misses you.
You miss the hound. The hound barely misses you. The hound bites you.
You barely miss the hound. The hound completely misses you.
You hit the hound.
The hound is lightly wounded.
The hound bites you. x2
Yredelemnul sends servants to punish you.
A wraith and 3 flying skulls come into view.
You hit the hound.
The hound is moderately wounded.
The hound bites you.
You hit the hound.
The hound is severely wounded.
The hound bites you. The flying skull hits you! The hound bites you.
* * * LOW HITPOINT WARNING * * *
The wraith hits you but does no damage. The flying skull hits you!
* * * LOW HITPOINT WARNING * * *
The flying skull hits you!
* * * LOW HITPOINT WARNING * * *
The flying skull hits you.
* * * LOW HITPOINT WARNING * * *
The flying skull barely misses you. The wraith closely misses you.
The flying skull closely misses you.
Aiming: Random Effects
Press: ? - help, Shift-Dir - straight line, f - flying skull
Aim: a flying skull (durably summoned)
The fireball explodes!
The fireball engulfs the flying skull.
The flying skull completely resists.
The fireball engulfs the hound!
You kill the hound!
Sif Muna accepts your kill.
You have reached level 6!
Your experience leads to an increase in your attributes!
Increase (S)trength, (I)ntelligence, or (D)exterity?
Uppercase letters only, please.
Uppercase letters only, please.
You feel stronger. x2
The fireball engulfs you!
You die...

..#.### ####.#...
....... ..... ... .#
######.####### #.#
####.§....##....###.#
..§§§..z.........##.#
§#§.z@###.....##.# #
#.§§#.zW........##.#.#
§#.#§#§####....###.#.###
._§§§..................
#.#.#.####....###.#####
#§§§#### ########.# ##
## #.......###..
.............
..............


You could see a wraith and 3 flying skulls.

Vanquished Creatures
  2 hounds (D:4)
  Jessica (D:2)
  8 adders
  3 worms
  4 dart slugs
  3 leopard geckos
  An orc (D:3)
  6 giant cockroaches
  7 goblins
  6 hobgoblins
  A jackal (D:1)
  3 quokkas
  3 ball pythons
  4 bats
  4 frilled lizards
  5 kobolds
  6 rats
67 creatures vanquished.

Notes
Turn   | Place    | Note
-------+----------+-------------------------------------------
     0 | D:1      | b5mith the Ogre Artificer began the quest for the Orb.
     0 | D:1      | Reached XP level 1. HP: 19/19 MP: 2/2
   136 | D:1      | Reached skill level 2 in Fighting
   248 | D:1      | Reached XP level 2. HP: 21/29 MP: 3/3
   309 | D:1      | Reached skill level 3 in Fighting
  1058 | D:1      | Reached XP level 3. HP: 39/39 MP: 4/4
  1218 | D:2      | Reached skill level 4 in Fighting
  1413 | D:2      | Reached skill level 5 in Fighting
  1413 | D:2      | Reached XP level 4. HP: 44/50 MP: 5/5
  1820 | D:2      | Reached skill level 6 in Fighting
  2088 | D:2      | Noticed Jessica
  2096 | D:2      | Killed Jessica
  2096 | D:2      | Reached XP level 5. HP: 61/61 MP: 6/6
  2611 | D:3      | Found an ancient bone altar of Kikubaaqudgha.
  2611 | D:3      | Found a faded altar of an unknown god.
  2617 | D:3      | Found a faded altar of an unknown god.
  2619 | D:3      | Found a basalt altar of Yredelemnul.
  2620 | D:3      | Found a shimmering blue altar of Sif Muna.
  2636 | D:3      | Reached skill level 7 in Fighting
  2648 | D:3      | Became a worshipper of Yredelemnul the Dark
  2651 | D:3      | Fell from the grace of Yredelemnul
  2651 | D:3      | Became a worshipper of Sif Muna the Loreminder
  2862 | D:4      | Found a shadowy altar of Dithmenos.
  2869 | D:4      | Noticed a wraith
  2869 | D:4      | Noticed a flying skull
  2869 | D:4      | Noticed a flying skull
  2869 | D:4      | Noticed a flying skull
  2872 | D:4      | Reached XP level 6. HP: 4/72 MP: 0/7
  2872 | D:4      | Killed themself with a badly aimed fireball

Levels and vault maps discovered:
D:1:      wander_arrival_peaceful_grave, layout_basic,
          chequers_serial_rivers_micro_d, minmay_cut_off
D:2:      layout_loops_ring, uniq_jessica
D:3:      layout_rooms, chequers_temple_overflow_minitemple
D:4:      minmay_wonky_spiral, layout_basic, vehumet_altar_wand_db,
          grunt_dithmenos_smoke_and_mirrors, uniq_duvessa
